AoeStats
← PetersCZ

Nomad

510625802Analyzed
4v4 RM · 1d ago on Oct 1, 2026· 41m 43s· 8 players
Game mode
Random Map
Map size
231×231
Population
200
Speed
Normal
Resources
Standard
Victory
Conquest
Starting age
Dark Age
Ending age
Imperial Age
RankedLock teamsTeams togetherTeam positionsShared explorationLock speedFull tech treeHidden civsTurbo modeCheats
Victory
Defeat
🇳🇿 Italians · New Zealand
1590
+13
🇲🇦 Persians · Morocco
1561
+14
🇦🇷 Spanish · Argentina
1509
+16
🇨🇴 Huns · Colombia
1444
+19
🇨🇿 Varangians · Czechia
1529
-16
🇳🇱 Persians · Netherlands
1516
-16
🇹🇷 Wei · Türkiye
1512
-15
🇨🇿 Danes · Czechia
1499
-15
Rien
5:32 Loom
14:22 Feudal Age
15:19 Fishing Lines
15:35 Double-Bit Axe
15:32 Horse Collar
17:56 Castle Age
16:52 Gold Mining
16:53 Horse Collar
17:22 Fletching
18:53 Medium Warships
19:02 Bow Saw
19:28 Wheelbarrow
19:46 Town Watch
20:19 Bodkin Arrow
22:35 Hand Cart
25:55 Masonry
28:41 Bloodlines
28:31 Husbandry
30:13 Padded Archer Armor
30:21 Scale Barding Armor
30:26 Forging
33:40 Stone Mining
34:46 Chain Barding Armor
36:26 Forging
39:53 Imperial Age
38:29 Iron Casting
38:03 Heavy Plow
40:19 Heavy Camel Rider
Rakosnik
14:32 Feudal Age
12:49 Loom
18:24 Castle Age
17:04 Fishing Lines
18:29 Forging
19:27 Medium Warships
19:50 Double-Bit Axe
26:00 Fletching
31:26 Horse Collar
33:06 Husbandry
33:17 Bloodlines
33:36 Scale Barding Armor
35:33 Heavy Plow
35:58 Bow Saw
36:52 Wheelbarrow
39:09 Chain Barding Armor
39:25 Iron Casting
40:09 Iron Casting
PetersCZ
5:11 Loom
13:09 Feudal Age
20:25 Castle Age
18:27 Fletching
19:24 Double-Bit Axe
20:54 Town Watch
25:20 Scale Mail Armor
27:13 Arson
27:30 Squires
29:45 Forging
29:47 Horse Collar
31:02 Chain Mail Armor
32:23 Iron Casting
33:56 Gold Mining
36:41 Elite Skirmisher
38:18 Wheelbarrow
39:23 Bodkin Arrow
The_OFLi
4:11 Loom
13:07 Feudal Age
17:18 Castle Age
15:28 Stone Mining
15:39 Double-Bit Axe
16:13 Horse Collar
17:11 Gold Mining
19:03 Heavy Plow
26:37 Scale Barding Armor
27:34 Bow Saw
28:43 Gold Shaft Mining
29:08 Stone Shaft Mining
32:09 Imperial Age
29:59 Fletching
31:30 Husbandry
31:52 Chain Barding Armor
32:25 Bloodlines
32:49 Forging
38:14 Iron Casting
38:56 Conscription
Samara
5:28 Loom
14:52 Feudal Age
18:53 Castle Age
17:07 Forging
16:47 Double-Bit Axe
19:33 Bow Saw
19:59 Wheelbarrow
19:23 Horse Collar
20:14 Medium Warships
21:11 Iron Casting
25:33 Fishing Lines
26:46 Heavy Plow
27:29 Fletching
27:35 Gold Mining
27:48 Stone Mining
28:36 Bodkin Arrow
28:28 Town Watch
28:58 Hand Cart
31:22 Gold Shaft Mining
31:23 Stone Shaft Mining
34:35 Imperial Age
32:13 Scale Barding Armor
34:25 Chain Barding Armor
34:19 Elite War Elephant
36:00 Blast Furnace
35:43 Conscription
36:29 Plate Barding Armor
36:34 Husbandry
36:45 Bloodlines
Tacris09
5:44 Loom
15:30 Feudal Age
20:41 Castle Age
18:37 Double-Bit Axe
19:41 Bloodlines
19:39 Scale Barding Armor
19:45 Forging
23:33 Husbandry
30:01 Iron Casting
ImprovingYeti
4:52 Loom
15:22 Feudal Age
19:04 Castle Age
18:17 Forging
18:44 Double-Bit Axe
20:01 Medium Warships
20:49 Iron Casting
23:37 Fishing Lines
25:32 Bow Saw
25:05 Horse Collar
27:03 Wheelbarrow
26:34 Heavy Plow
26:24 Gold Mining
26:49 Gillnets
29:13 Town Watch
31:13 Hand Cart
31:42 Caravan
32:21 Stone Mining
36:33 Imperial Age
34:29 Fletching
34:39 Padded Archer Armor
35:27 Stone Shaft Mining
35:14 Bodkin Arrow
36:57 Ballistics
36:42 Elite Genoese Crossbowman
37:44 Bracer
39:53 Conscription
39:51 Leather Archer Armor
40:46 Chemistry
40:19 Town Patrol
42:20 Ring Archer Armor
42:51 Hoardings
_94_ShaDoW_Arg
4:55 Loom
12:07 Feudal Age
17:08 Castle Age
15:43 Double-Bit Axe
16:12 Fishing Lines
19:49 Padded Archer Armor
20:16 Horse Collar
24:23 Town Watch
26:06 Leather Archer Armor
29:50 Wheelbarrow
34:07 Imperial Age
32:21 Fletching
33:08 Bodkin Arrow
33:06 Gold Mining
33:07 Stone Mining
35:50 Conscription
36:17 Ring Archer Armor
37:31 Bloodlines
37:22 Husbandry
38:15 Bracer
40:37 Town Patrol
41:11 Bow Saw
41:46 Heavy Plow
Connection lost

Rejoining the realm…

Still unreachable

The connection could not be restored.

Session expired

The server has moved on; the page needs a fresh start.